 Dungeon Crawl Stone Soup version 0.18-a0-1109-gfc003ac (webtiles) character file.

7 Gorice the Gusty (level 2, 0/22 HPs)
             Began as a Ghoul Wanderer on Jan 16, 2016.
             Slain by a jackal (2 damage)
             ... on level 3 of the Dungeon.
             The game lasted 00:04:04 (597 turns).

Gorice the Gusty (Ghoul Wanderer)                    Turns: 597, Time: 00:04:05

Health: 0/22       AC:  2    Str: 15    XL:     2   Next: 0%
Magic:  2/2        EV: 11    Int:  8    God:
Gold:   6          SH:  0    Dex:  7    Spells: 0 memorised, 3 levels left

rFire  . . .     SeeInvis +     b - +0 shortbow
rCold  + . .     Gourm    .     f - +0 robe
rNeg   + + +     Faith    .     (shield currently unavailable)
rPois  ∞         Spirit   .     (no helmet)
rElec  .         Dismiss  .     (no cloak)
rCorr  .         Reflect  .     (no gloves)
SustAt .         Harm     .     (no boots)
MR     .....                    (no amulet)
Stlth  +.........               j - -2 ring of slaying (curse)
                                i - ring of see invisible

@: rotting, not resistant to hostile enchantments, very unstealthy
A: rotting body, claws 1, carnivore 3, cold resistance 1, negative energy
resistance 3, slow regeneration 1, torment resistance, unbreathing
a: no special abilities


You were on level 3 of the Dungeon.
You were not hungry.

You visited 1 branch of the dungeon, and saw 3 of its levels.

You collected 6 gold pieces.

Inventory:

Hand Weapons
 b - a +0 shortbow (weapon)
 B - a +0 blowgun
Missiles
 c - 26 arrows (quivered)
 d - 9 poisoned needles
Armour
 f - a +0 robe (worn)
Jewellery
 i - a ring of see invisible (left claw)
 j - a cursed -2 ring of slaying (right claw)
Books
 a - a book of Air
Comestibles
 g - a meat ration {!e}
 h - a chunk of flesh


   Skills:
 + Level 0.4 Fighting
 * Level 1.1 Bows
   Level 1.0 Crossbows
 - Level 1.7 Throwing
 - Level 1.7 Armour
 - Level 1.0 Spellcasting
   Level 2.4 Air Magic
   Level 1.0 Poison Magic


You had 3 spell levels left.
You didn't know any spells.

Dungeon Overview and Level Annotations

Branches:
Dungeon (3/15)

Altars:
Cheibriados

Annotations:
D:2 Robin


Innate Abilities, Weirdness & Mutations

Your body is rotting away.
You thrive on raw meat.
You are immune to poison.
You have sharp fingernails.
You are carnivorous and can eat meat at any time.
Your flesh is cold resistant.
You are immune to negative energy.
You regenerate slowly when monsters are visible.
You are immune to unholy pain and torment.
You can survive without breathing.


Message History

The kobold shouts!
The goblin shouts!
The hobgoblin closely misses you.
You open the door. The hobgoblin barely misses you.
The hobgoblin completely misses you.
There is an open door here.
You open the door. The hobgoblin hits you.
Damage: 1 (max 3)
A giant newt and a worm come into view.
There is an open door here.
The teleport trap disappears.
The goblin disappears!
The worm bites you.
Damage: 1 (max 3)
You open the door. The hobgoblin hits you.
* * * LOW HITPOINT WARNING * * *
Damage: 2 (max 3)
There is an open door here.
Found a snail-covered altar of Cheibriados.
Found a cyan potion.
A jackal comes into view.
Found a stone staircase leading down.
A jackal comes into view.
The jackal barks!
The jackal bites you.
* * * LOW HITPOINT WARNING * * *
The jackal barely misses you.
Damage: 1 (max 3)
A jackal comes into view.
The jackal closely misses you. The jackal barely misses you.
The jackal misses you.
There is a stone staircase leading down here.
You can't go up here!
The jackal bites you but does no damage.
The giant newt bites you.
* * * LOW HITPOINT WARNING * * *
The jackal bites you but does no damage.
You climb downwards.
Found a bread ration.
There is a stone staircase leading up here.
Damage: 1 (max 3)
The jackal bites you but does no damage.
You open the door. The giant newt bites you.
* * * LOW HITPOINT WARNING * * *
The jackal completely misses you.
Damage: 1 (max 3)
The jackal barely misses you.
Found a war axe.
There is an open door here.
Found a stone staircase leading down.
The jackal bites you.
You die...

.. ###.#
#...## #.#.).
....# #..#
#..#####...
#.h@.....>.
####h#####....
#........# #
+....l.<.#
#........#
+........#
#..%.....#
#........#
#........#


You could see 2 jackals.

Vanquished Creatures
  A giant gecko (D:1)
  2 goblins (D:1)
  A hobgoblin (D:1)
  A giant newt (D:1)
5 creatures vanquished.

Notes
Turn   | Place    | Note
--------------------------------------------------------------
     0 | D:1      | Gorice the Ghoul Wanderer began the quest for the Orb.
     0 | D:1      | Gorice set off with: a book of Air, a +0 shortbow, 28 arrows, 9 poisoned needles, a +0 blowgun, a +0 robe, a meat ration {!e}
     0 | D:1      | Reached XP level 1. HP: 14/14 MP: 1/1
   381 | D:1      | Reached skill level 1 in Bows
   477 | D:1      | Reached XP level 2. HP: 20/22 MP: 2/2
   520 | D:1      | You fall through a shaft!
   543 | D:2      | Noticed Robin
   576 | D:2      | HP: 5/22 [hobgoblin (2)]
   578 | D:2      | Found a snail-covered altar of Cheibriados.
   586 | D:2      | HP: 4/22 [jackal (1)]
   594 | D:3      | HP: 2/22 [giant newt (1)]
   597 | D:3      | Slain by a jackal

Vault maps used:
D:1:      minmay_arrival_four_circles, serial_bayou_lagoon_b
D:2:      overflow_temple_1_default, uniq_robin
D:3:      kennysheep_goblin_castle, minmay_ogre_servants

Action                   || total
-------------------------++-------
Melee: Unarmed           ||    14
 Fire: Shortbow          ||    19
  Use: Scroll            ||     4
  Eat: Chunk             ||     1

Table legend:
 A = Turns spent in this place as a percentage of turns spent in the entire game.
 B = Non-inter-level travel turns spent in this place as a percentage of non-inter-level travel turns spent in the entire game.
 C = Inter-level travel turns spent in this place as a percentage of turns spent in this place.
 D = Turns resting spent in this place as a percentage of non-inter-level travel turns spent in this place.
 E = Turns spent auto-exploring this place as a percentage of non-inter-level travel turns spent in this place.
 F = Non-inter-level travel turns spent in this place divided by the number of levels of this place that you've seen.
                   A       B       C       D       E      F
               +-------+-------+-------+-------+-------+----------------------
         Total | 100.0 | 100.0 |   0.0 |   2.0 |   4.9 |  67.7
       Dungeon | 100.0 | 100.0 |   0.0 |   2.0 |   4.9 |  67.7
               +-------+-------+-------+-------+-------+----------------------

Vault maps used:
D:1:      minmay_arrival_four_circles, serial_bayou_lagoon_b
D:2:      overflow_temple_1_default, uniq_robin
D:3:      kennysheep_goblin_castle, minmay_ogre_servants
